 Dungeon Crawl Stone Soup version 0.31.0-4-g52a2dc7128 (webtiles) character file.

Game seed: 10898614321410791831

316 FinalFate the Cudgeller (level 6, -2/84 HPs)
             Began as a Minotaur Berserker on Jan 22, 2024.
             Was a Believer of Trog.
             Slain by an iguana (7 damage)
             ... on level 4 of the Dungeon.
             The game lasted 00:05:28 (2869 turns).

FinalFate the Cudgeller (Minotaur Berserker)        Turns: 2869, Time: 00:05:28

Health: -2/84      AC:  6    Str: 24    XL:     6   Next: 20%
Magic:  5/5        EV: 11    Int:  4    God:    Trog [**....]
Gold:   139        SH:  0    Dex:  9    Spells: 5/5 levels left

rFire   . . .        o - +0 flail
rCold   . . .        (no shield)
rNeg    . . .        q - +0 scale mail
rPois   .            (helmet restricted)
rElec   .            (no cloak)
rCorr   .            (no gloves)
SInv    .            (no boots)
Will    ++...        (no amulet) Stlth
                     (no ring)
HPRegen 1.34/turn    (no ring)
MPRegen 0.09/turn

%: no passive effects
@: berserking, strong-willed (expiring), regenerating (expiring), very quick
A: horns 2, retaliatory headbutt
a: Renounce Religion, Berserk, Trog's Hand


You were on level 4 of the Dungeon.
You worshipped Trog.
Trog was pleased with you.
You visited 1 branch of the dungeon, and saw 4 of its levels.

You collected 165 gold pieces.
You spent 26 gold pieces at shops.

Inventory:

Hand Weapons
 a - a +0 mace
 o - a +0 flail (weapon)
Armour
 b - a +0 animal skin
 q - a +0 scale mail (worn)
Scrolls
 c - a scroll of poison {unknown}
 f - a scroll of enchant weapon {unknown}
 h - 2 scrolls of silence {unknown}
 k - a scroll of teleportation {unknown}
 l - a scroll of fog {unknown}
 m - a scroll of noise {unknown}
Potions
 d - a potion of enlightenment
 e - 3 potions of degeneration
 i - a potion of mutation {unknown}
 j - a potion of berserk rage {unknown}
 n - a potion of heal wounds {unknown}
 p - a potion of lignification {unknown}


   Skills:
 * Level 5.2 Fighting
 * Level 6.2 Maces & Flails
 * Level 3.4 Armour
 * Level 3.6 Dodging


You had 5 spell levels left.
You didn't know any spells.
Your spell library was empty.

Dungeon Overview and Level Annotations

Branches:
Dungeon (4/15)
 Temple: D:4-7

Altars:
Makhleb
Ru
Sif Muna

Shops:
D:1 ?   D:3 (


Innate Abilities, Weirdness & Mutations

You have a pair of horns on your head.
You reflexively headbutt those who attack you in melee.


Message History

The gnoll barely misses you.
The gnoll sergeant hits you but does no damage.
You barely miss the gnoll. You headbutt the gnoll.
You kill the gnoll!
Trog accepts your kill. The gnoll sergeant misses you.
You sock the sleepcap! You headbutt the sleepcap.
The sleepcap is severely damaged.
The sleepcap releases spores at you.
* * * LOW HITPOINT WARNING * * *
You are engulfed in a cloud of soporific spores!
You are unaffected.
The gnoll sergeant hits you from afar with a +0 trident.
* * * LOW HITPOINT WARNING * * *
You sock the sleepcap!
The sleepcap is almost destroyed.
The sleepcap closely misses you.
You thump the sleepcap!
You destroy the sleepcap!
Trog accepts your kill.
The gnoll sergeant hits you from afar with a +0 trident.
* * * LOW HITPOINT WARNING * * *
You have reached level 6!
The gnoll sergeant hits you from afar with a +0 trident!
* * * LOW HITPOINT WARNING * * *
You closely miss the iguana.
The iguana is moderately wounded.
The gnoll closely misses you.
The iguana bites you but does no damage.
The gnoll sergeant hits you but does no damage.
You thump the iguana!
You kill the iguana!
Trog accepts your kill. The gnoll closely misses you.
The gnoll sergeant completely misses you.
You sock the iguana! You headbutt the iguana.
The iguana is almost dead.
You feel the effects of Trog's Hand fading.
The iguana bites you!
You die...

.. #..##
.###....
[.....##
#......###
#........
#.....# ###
#g.g# ..# #l#
#.###########@#
#.##..........#
#.##.##########
# ##.##.#
###...#.##
##.......##
.......#..#
##........#
......#.#.#


You could see a gnoll sergeant, an iguana and a gnoll.

Vanquished Creatures
  A scorpion (D:3)
  A hound (D:3)
  A bombardier beetle (D:3)
  An iguana (D:4)
  A sleepcap (D:4)
  Robin (D:2)
  2 gnolls (D:4)
  3 adders
  A dart slug (D:1)
  3 orcs (D:3)
  5 endoplasms
  A giant cockroach (D:2)
  12 goblins
  7 hobgoblins
  8 jackals
  8 kobolds
  A quokka (D:1)
  2 ball pythons
  6 bats
  3 frilled lizards (D:3)
  3 rats
71 creatures vanquished.

Notes
Turn   | Place    | Note
-------+----------+-------------------------------------------
     0 | D:1      | FinalFate the Minotaur Berserker began the quest for the
                  | Orb.
     0 | D:1      | Reached XP level 1. HP: 19/19 MP: 0/0
   138 | D:1      | Found The Oracle's Delphic Readings.
   144 | D:1      | Bought a scroll of identify for 26 gold pieces
   193 | D:1      | Reached XP level 2. HP: 27/27 MP: 1/1
   196 | D:1      | Found a faded altar of an unknown god.
   308 | D:1      | Reached skill level 4 in Maces & Flails
   911 | D:2      | Noticed Robin
   924 | D:2      | Reached XP level 3. HP: 33/33 MP: 2/2
   934 | D:2      | Killed Robin
  1075 | D:2      | Reached ** piety under Trog
  1318 | D:2      | Reached XP level 4. HP: 40/41 MP: 3/3
  1729 | D:3      | Reached skill level 5 in Maces & Flails
  1913 | D:3      | Found a burning altar of Makhleb.
  1998 | D:3      | Found Joawu's Weapon Boutique.
  2070 | D:3      | Noticed a scorpion
  2080 | D:3      | Killed a scorpion
  2081 | D:3      | Reached XP level 5. HP: 33/47 MP: 4/4
  2328 | D:3      | Reached skill level 5 in Fighting
  2474 | D:3      | Found a shimmering blue altar of Sif Muna.
  2488 | D:3      | Found a sacrificial altar of Ru.
  2492 | D:3      | Reached skill level 6 in Maces & Flails
  2850 | D:4      | HP: 2/48 [gnoll/+0 whip[a gnoll sergeant] (5)]
  2865 | D:4      | Reached XP level 6. HP: 7/56 MP: 5/5
  2865 | D:4      | HP: 1/84 [gnoll sergeant/+0 trident (7)]
  2869 | D:4      | Slain by an iguana

Illustrated notes

Levels and vault maps discovered:
D:1:      spicycebolla_green_bress_n_ham_2, layout_loops_ring,
          shapermc_ecumenical_altar_acropolis, minmay_misc_feat_square,
          dk_noncrumbling_2, minmay_misc_feat_doors, nicolae_nh_oracle_at_delphi
D:2:      layout_loops_ring, grunt_decor_one_mirror,
          hangedman_decor_clover_reticule, grunt_decor_resistance,
          nicolae_figureground_pulse, uniq_robin
D:3:      layout_loops_corners, lemuel_round_altar, lightli_temple_of_fire,
          mainiacjoe_overflow_paths, serial_shops, shop
D:4:      layout_loops_ring, ashenzari_altar_1, nicolae_overflow_hidden_temple,
          hellmonk_no_cap, uniq_ijyb

Skill      XL: |  1  2  3  4  5 |
---------------+----------------+-----
Fighting       | 4 5 |  5.2
Maces & Flails | 4 5 6 |  6.2
Armour         | 3 |  3.4
Dodging        | 3 |  3.6

Action                     |  1- 3 |  4- 6 || total
---------------------------+-------+-------++-------
  Melee: Mace              |    62 |    37 ||    99
         Headbutt          |     2 |     9 ||    11
         Flail             |       |    46 ||    46
         Punch             |       |     1 ||     1
 Invoke: Berserk           |     1 |     1 ||     2
         Trog's Hand       |       |     1 ||     1
    Use: Scroll            |     1 |     2 ||     3
         Potion            |       |     4 ||     4
 Armour: Animal skin       |    42 |    24 ||    66
         Scale mail        |       |    35 ||    35
  Dodge: Dodged            |    40 |    69 ||   109
